 Dungeon Crawl Stone Soup version 0.30-a0-956-gcec3b41aec (webtiles) character file.

Game seed: 949185087799461741

5054 Lobster4 the Protected (level 10, -6/73 HPs)
             Began as a Djinni Fire Elementalist on Mar 29, 2023.
             Was an Initiate of Makhleb.
             Mangled by a meliai
             ... wielding a +0 hand axe
              (14 damage)
             ... on level 9 of the Dungeon.
             The game lasted 00:20:20 (8417 turns).

Lobster4 the Protected (Djinni Fire Elementalist)   Turns: 8417, Time: 00:20:21

Health: -6/73      AC:  2    Str:  7    XL:     10   Next: 86%
Gold:   366        EV: 15    Int: 22    God:    Makhleb [......] SH:  0 Dex: 19

rFire   + + .      SeeInvis .    t - +4 dagger (elec)
rCold   x . .      Faith    .    (no shield)
rNeg    . . .      Spirit   .    e - +0 robe {Will+}
rPois   ∞          Reflect  .    (no helmet)
rElec   .          Rampage  .    (no cloak)
rCorr   +                        (no gloves)
Will    ++...                    (boots unavailable)
Stlth   ++                       (no amulet)
HPRegen 0.32/turn                d - +6 ring of dexterity
MPRegen 0.00/turn                A - ring of resist corrosion

@: flying
A: sickness immunity, fire resistance 2, cold vulnerability 1, float, innate
caster, HP casting, extra vitality 1
a: Renounce Religion


You were on level 9 of the Dungeon.
You worshipped Makhleb.
Makhleb was noncommittal.
You visited 2 branches of the dungeon, and saw 10 of its levels.

You collected 422 gold pieces.
You spent 56 gold pieces at shops.

Inventory:

Hand Weapons
 b - a +0 short sword
 f - a +0 sling
 k - a +4 scimitar of flaming
 r - a +2 dagger of flaming
 t - a +4 dagger of electrocution (weapon)
 O - a +0 shortbow
 Q - a +3 short sword of flaming
Missiles
 c - 66 stones
 g - 6 boomerangs
 C - 18 poisoned darts (quivered)
 K - a silver boomerang
Armour
 e - a +0 robe of willpower (worn)
 p - a +4 ring mail
 x - +0 acid dragon scales
 F - +1 steam dragon scales
 M - the +0 ring mail of Subjectivity {*Corrode rPois Regen+ Stlth+}
   (You found it on level 8 of the Dungeon)

   rPois:     It protects you from poison.
   Regen:     It increases your rate of health regeneration.
   *Corrode:  It may corrode you when you take damage.
   Stlth:     It makes you more stealthy.
Jewellery
 d - a +6 ring of dexterity (left hand)
 A - a ring of resist corrosion (right hand)
 E - a ring of willpower
 I - a +4 ring of slaying
Wands
 a - a wand of roots (5)
 m - a wand of flame (18)
 q - a wand of quicksilver (10)
 w - a wand of mindburst (5)
 G - a wand of polymorph (6)
 J - a wand of charming (11)
Scrolls
 h - 3 scrolls of fog
 n - 2 scrolls of enchant armour
 o - 2 scrolls of enchant weapon
 s - 3 scrolls of fear
 u - 3 scrolls of poison
 y - 3 scrolls of teleportation
 P - 2 scrolls of immolation
Potions
 i - 2 potions of mutation
 j - a potion of invisibility
 l - 2 potions of curing
 B - 3 potions of degeneration {unknown}
 D - a potion of haste {unknown}
 H - a potion of ambrosia
 N - 2 potions of might


   Skills:
 + Level 6.4 Fighting
 - Level 4.0 Short Blades
 - Level 3.0 Throwing
 * Level 8.8 Armour
 - Level 6.0 Dodging
 - Level 2.0 Stealth
 + Level 5.5 Spellcasting
 + Level 2.1 Evocations


You knew the following spells:

 Your Spells              Type           Power      Damage    Failure   Level
a - Foxfire               Conj/Fire      100%       2x1d6     1%          1
b - Scorch                Fire           60%        2d8       1%          2
c - Shock                 Conj/Air       100%       1d9       1%          1
d - Inner Flame           Hex/Fire       30%        N/A       3%          3
e - Flame Wave            Conj/Fire      30%        2d9       10%         4
f - Kindle Blastsparks    Fire/Tloc/Air  60%        2d15      3%          3
g - Portal Projectile     Hex/Tloc       60%        N/A       3%          3
h - Petrify               Tmut/Erth      30%        N/A       10%         4
p - Passwall              Tmut/Erth      25%        N/A       1%          2
Your spell library was empty.

Dungeon Overview and Level Annotations

Branches:
Dungeon (9/15)             Temple (1/1) D:7
   Lair: D:8-11         Orc: D:9-12

Altars:
Ashenzari
Cheibriados
Dithmenos
Elyvilon
Fedhas
Gozag
Hepliaklqana
Makhleb
Nemelex Xobeh
Okawaru
Qazlal
Ru
Trog
Uskayaw
Wu Jian
Xom
Yredelemnul
Zin
The Shining One

Shops:
D:7 :   D:9 *

Annotations:
D:4 Duvessa
D:7 2 exclusions


Innate Abilities, Weirdness & Mutations

You are immune to sickness and miasma.
You are immune to poison.
Your flesh is very heat resistant. (rF++)
You are vulnerable to cold. (rC-)
You float through the air rather than walking.
You learn spells naturally, not from books.
Your magical power is your life essence.
You have superior vitality. (+4 MHP)


Message History

Casting: Scorch (safe; 1% risk of failure)
Confirm with . or Enter, or press ? or * to list all spells.
Flames lash the bullfrog.
The bullfrog is burned terribly!
You kill the bullfrog!
Makhleb accepts your kill.
Unknown command.
A meliai comes into view. It is wielding a +0 hand axe.
Casting: Scorch (safe; 1% risk of failure)
Confirm with . or Enter, or press ? or * to list all spells.
Flames lash the meliai.
The meliai buzzes angrily.
The meliai is lightly wounded.
The meliai's fire resistance burns away.
The meliai mumbles some strange prayers to its god against you.
Something smites you!
Unknown command.
Casting: Scorch (safe; 1% risk of failure)
Confirm with . or Enter, or press ? or * to list all spells.
Flames lash the meliai.
The meliai is burned terribly!
The meliai is severely wounded.
The meliai completely misses you. The meliai closely misses you.
The meliai drinks a potion.
The meliai is healed!
Unknown command.
Casting: Scorch (safe; 1% risk of failure)
Confirm with . or Enter, or press ? or * to list all spells.
Flames lash the meliai.
The meliai is burned terribly!
The meliai is heavily wounded.
The meliai hits you with a +0 hand axe! The meliai barely misses you.
The meliai hits you with a +0 hand axe. The meliai stings you!
Unknown command.
Casting: Scorch (safe; 1% risk of failure)
Confirm with . or Enter, or press ? or * to list all spells.
Flames lash the meliai.
The meliai is burned terribly!
The meliai is severely wounded.
The meliai hits you with a +0 hand axe!
* * * LOW HITPOINT WARNING * * *
The meliai stings you.
* * * LOW HITPOINT WARNING * * *
The meliai hits you with a +0 hand axe!
You die...

****,,,,,******########.........#
*,,,,,,,,*,,* ###.§⌠..###
********,,,,* #♣§§.♣# ***,,*
#.♣§§♣ *,,* ##♣♣♣# #,,*
*********####.,*
,,,,,,,,,......#################*
,,,,,,,,,......y@...............,
*********##############..†......,
#.########* #.# #.# #.# #.# #.#
#.#


You could see a meliai (combustible).

Vanquished Creatures
  Erica (D:9)
  A two-headed ogre (D:5)
  Grinder (D:6)
  Sigmund (D:6)
  A steam dragon (D:6)
  Edmund (D:6)
  An acid dragon (D:8)
  2 water moccasins (D:7)
  A sky beast (D:6)
  4 black bears
  An ice beast (D:6)
  2 ogres (D:5)
  A centaur (D:8)
  A kobold brigand (D:8)
  A phantom (D:5)
  8 bullfrogs
  5 scorpions
  7 wights
  4 killer bees (D:8)
  2 howler monkeys
  2 jellies (D:5)
  2 hounds
  4 orc priests
  Jessica (D:2)
  2 iguanas
  4 orc wizards
  4 gnolls (D:2)
  4 adders
  2 white imps (D:6)
  2 ufetubi (D:7)
  A worm (D:2)
  5 dart slugs
  21 orcs
  2 bats (D:3)
  6 endoplasms
  3 giant cockroaches
  5 hobgoblins
  2 jackals (D:5)
  2 quokkas (D:1)
  2 ball pythons
  2 frilled lizards
  7 goblins
  7 kobolds
  3 rats
141 creatures vanquished.

Vanquished Creatures (others)
  660 foxfires
  2 plants (D:6)
662 creatures vanquished.

Grand Total: 803 creatures vanquished

Notes
Turn   | Place    | Note
-------+----------+-------------------------------------------
     0 | D:1      | Lobster4 the Djinni Fire Elementalist began the quest for
                  | the Orb.
     0 | D:1      | Lobster4 set off with the following spells memorised:
                  | Foxfire, Scorch, Kindle Blastsparks, Inner Flame, Flame
                  | Wave.
     0 | D:1      | Reached XP level 1. HP: 15/15 MP: 0/0
   337 | D:1      | Reached XP level 2. HP: 19/22 MP: 0/0
   549 | D:1      | Reached XP level 3. HP: 24/26 MP: 0/0
   549 | D:1      | Learned a level 1 spell: Shock
   840 | D:2      | Found a sacrificial altar of Ru.
   881 | D:2      | Reached skill level 1 in Short Blades
   900 | D:2      | Reached skill level 1 in Fighting
   900 | D:2      | Reached skill level 1 in Armour
   955 | D:2      | Reached XP level 4. HP: 30/32 MP: 0/0
  1147 | D:2      | Noticed Jessica
  1155 | D:2      | Killed Jessica
  1156 | D:2      | Reached XP level 5. HP: 35/37 MP: 0/0
  1156 | D:2      | Learned a level 2 spell: Passwall
  2247 | D:3      | Found a faded altar of an unknown god.
  2553 | D:4      | Found a blossoming altar of Fedhas.
  2623 | D:4      | Reached skill level 2 in Armour
  2623 | D:4      | Reached XP level 6. HP: 28/43 MP: 0/0
  2743 | D:4      | Reached skill level 1 in Throwing
  3405 | D:4      | Noticed Duvessa
  3640 | D:5      | Entered Level 5 of the Dungeon
  3756 | D:5      | Noticed an ogre
  3770 | D:5      | Killed an ogre
  3771 | D:5      | Reached XP level 7. HP: 42/49 MP: 0/0
  3771 | D:5      | Learned a level 3 spell: Portal Projectile
  3811 | D:5      | Noticed a two-headed ogre
  3814 | D:5      | Reached skill level 3 in Armour
  3828 | D:5      | Killed a two-headed ogre
  3829 | D:5      | Reached skill level 4 in Armour
  3829 | D:5      | Reached XP level 8. HP: 31/56 MP: 0/0
  4260 | D:5      | Reached skill level 5 in Dodging
  4260 | D:5      | Reached XP level 9. HP: 55/62 MP: 0/0
  4260 | D:5      | Learned a level 4 spell: Petrify
  4645 | D:6      | Reached skill level 5 in Armour
  5422 | D:6      | Noticed Grinder
  5426 | D:6      | Paralysed by Grinder for 2 turns
  5442 | D:6      | Killed Grinder
  5443 | D:6      | Reached skill level 6 in Armour
  5490 | D:6      | Noticed Sigmund
  5653 | D:6      | Killed Sigmund
  5679 | D:6      | Noticed Edmund
  5687 | D:6      | Killed Edmund
  5881 | D:7      | Reached skill level 5 in Fighting
  5881 | D:7      | Reached XP level 10. HP: 61/70 MP: 0/0
  5944 | D:7      | Reached skill level 7 in Armour
  6137 | D:7      | Found a staircase to the Ecumenical Temple.
  6146 | Temple   | Entered the Ecumenical Temple
  6255 | D:7      | Found Bokerchie's Book Boutique.
  6757 | D:8      | Reached skill level 5 in Spellcasting
  6780 | D:8      | Reached skill level 8 in Armour
  6996 | D:8      | Found a shadowy altar of Dithmenos.
  6996 | D:8      | Found an iron altar of Okawaru.
  7049 | D:8      | Identified the +0 ring mail of Subjectivity {*Corrode rPois
                  | Regen+ Stlth+}
  7118 | D:8      | Found a burning altar of Makhleb.
  7136 | D:8      | Became a worshipper of Makhleb the Destroyer
  7637 | D:8      | Found a hazy altar of Hepliaklqana.
  7638 | D:8      | Found a broken altar of Ashenzari.
  7671 | D:9      | Found Yfaqeshinyo's Fire Supplies.
  7677 | D:9      | Bought a scroll of immolation for 56 gold pieces
  7872 | D:9      | Reached skill level 1 in Evocations
  8049 | D:9      | Noticed Erica
  8072 | D:9      | Killed Erica
  8417 | D:9      | Mangled by a meliai

Illustrated notes

Levels and vault maps discovered:
D:1:      shiori_arrival_maze, layout_loops_ring, serial_park_tiny_pond,
          serial_park_tiny_pond
D:2:      layout_rooms, basic_altar, skrybe_limestone_x,
          dreamdust_princess_corridor, uniq_jessica
D:3:      layout_basic, dreamdust_ecumenical_altar_grove
D:4:      layout_gridville, mainiacjoe_overflow_paths, hangedman_decor_opposing,
          chequers_serial_rivers_micro_b, chequers_serial_rivers_micro_b,
          uniq_duvessa
D:5:      layout_basic
D:6:      layout_basic, sigmund_edmund_badplayer, uniq_grinder
D:7:      layout_loops_cross, temple_statues, serial_glass, glass_columns_c,
          glass_columns_a, glass_columns_c, glass_columns_c, glass_columns_a,
          glass_columns_a, glass_columns_a, glass_columns_b, glass_columns_c,
          glass_columns_a, glass_columns_a, glass_columns_b, glass_columns_c,
          glass_columns_b, item_on_display_a, due_unseen_surprise,
          minmay_strange_pillars, minmay_strange_pillars,
          kennysheep_windowed_goal
D:8:      layout_cave_pools, mainiacjoe_overflow_24_doors,
          nicolae_overflow_squiral, gammafunk_temple_overflow_claw,
          serial_column_ruins, column_ruins_hut, column_ruins_grid_1,
          column_ruins_columns_straight, column_ruins_corridor_corner,
          column_ruins_grid_3, column_ruins_open_tiny, column_ruins_open_medium
D:9:      layout_long_grid, nicolae_shop_fire_sale [nicolae_sub_dead_trees],
          minmay_three_doors, uniq_erica, uniq_pikel, uniq_grum
Temple:   eino_wide_crystal_templ

Skill      XL: |  1  2  3  4  5  6  7  8  9 10 |
---------------+-------------------------------+-----
Short Blades   | 1 2 3 4 |  4.0
Fighting       | 1 2 3 5 6 |  6.4
Armour         | 1 2 4 6 8 |  8.8
Stealth        | 2 |  2.0
Dodging        | 3 4 5 6 |  6.0
Spellcasting   | 3 4 5 |  5.5
Throwing       | 1 2 3 |  3.0
Evocations     | 2 |  2.1

Action                     |  1- 3 |  4- 6 |  7- 9 | 10-12 || total
---------------------------+-------+-------+-------+-------++-------
  Melee: Short sword       |    13 |       |       |       ||    13
         Dagger            |       |    17 |       |       ||    17
   Cast: Foxfire           |    60 |   128 |   129 |   102 ||   419
         Scorch            |       |    15 |    27 |    47 ||    89
         Kindle Blastspark |       |       |     4 |       ||     4
         Passwall          |       |       |     1 |       ||     1
         Flame Wave        |       |       |       |     1 ||     1
  Evoke: Wand              |       |       |     9 |       ||     9
    Use: Scroll            |       |     8 |     1 |    10 ||    19
         Potion            |       |       |     1 |       ||     1
   Stab: Sleeping          |     1 |     1 |       |       ||     2
 Armour: Robe              |     4 |     3 |     1 |       ||     8
         Steam dragon scal |       |       |       |    13 ||    13
  Dodge: Dodged            |     8 |    16 |    19 |    31 ||    74

Table legend: (Time is in decaauts)
 A = Elapsed time spent in this place.
 B = Non-inter-level travel time spent in this place.
 C = Inter-level travel time spent in this place.
 D = Time resting spent in this place.
 E = Time spent auto-exploring this place.
 F = Levels seen in this place.
 G = Mean time per level.
                   A        B        C        D        E       F      G
               +--------+--------+--------+--------+--------+-----+--------+
         Total |   8413 |   8084 |    329 |    502 |   6318 |  10 |  841.3 |
       Dungeon |   8340 |   8032 |    308 |    502 |   6278 |   9 |  926.7 |
        Temple |     72 |     51 |     21 |      0 |     40 |   1 |   72.0 |
               +--------+--------+--------+--------+--------+-----+--------+

Top non-repeatable levels by time:
     D:6: 1158 daAuts
     D:4: 1106 daAuts
     D:3: 991 daAuts
     D:5: 959 daAuts
     D:8: 916 daAuts
     D:7: 897 daAuts
     D:1: 818 daAuts
     D:9: 772 daAuts
     D:2: 719 daAuts
  Temple: 72 daAuts
